 Dungeon Crawl Stone Soup version 0.19.5 (webtiles) character file.

40 tidbits the Magician (level 3, 0/24 HPs)
             Began as a High Elf Skald on Nov 9, 2017.
             Slain by a goblin
             ... wielding a +0 club
              (1 damage)
             ... on level 2 of the Dungeon.
             The game lasted 00:04:39 (568 turns).

tidbits the Magician (High Elf Skald)                Turns: 568, Time: 00:04:39

Health: 0/24       AC:  4    Str: 12    XL:     3   Next: 30%
Magic:  6/9        EV: 10    Int: 16    God:
Gold:   57         SH:  0    Dex: 14    Spells: 3 memorised, 5 levels left

rFire  . . .     SeeInvis .     a - +0 falchion
rCold  . . .     Gourm    .     b - +0 leather armour
rNeg   . . .     Faith    +     (no shield)
rPois  .         Spirit   .     E - +0 helmet
rElec  .         Reflect  .     (no cloak)
rCorr  .         Harm     .     (no gloves)
MR     .....                    (no boots)
Stlth  +.........               o - amulet of faith
                                (no ring)
                                (no ring)

@: infused, very slightly contaminated, heavily drained
A: no striking features
a: no special abilities


You were on level 2 of the Dungeon.
You were not hungry.

You visited 1 branch of the dungeon, and saw 2 of its levels.

You collected 57 gold pieces.

Inventory:

Hand Weapons
 a - a +0 falchion (weapon)
 h - a +0 dagger
   (You took it off a goblin on level 1 of the Dungeon)
Missiles
 s - 26 stones (quivered)
Armour
 b - a +0 leather armour (worn)
 n - a +0 shield
   (You found it on level 1 of the Dungeon)
 E - a +0 helmet (worn)
   (You found it on level 1 of the Dungeon)
Jewellery
 e - an uncursed ring of ice
   (You found it on level 1 of the Dungeon)
 l - an uncursed amulet of harm
   (You found it on level 1 of the Dungeon)
 o - an amulet of faith (around neck)
   (You found it on level 2 of the Dungeon)
Scrolls
 g - a scroll of identify {unknown}
 i - a scroll of enchant weapon {unknown}
 j - a scroll of noise {unknown}
 m - a scroll of blinking {unknown}
 p - a scroll of magic mapping {unknown}
 r - a scroll of teleportation {unknown}
 t - a scroll of remove curse {unknown}
Potions
 q - a potion of curing {unknown}
Books
 c - a book of Battle

   Spells                             Type                      Level
   a - Infusion                       Charms                       1
   b - Shroud of Golubria             Charms/Translocation         2
   c - Song of Slaying                Charms                       2
   d - Spectral Weapon                Hexes/Charms                 3
   e - Regeneration                   Charms/Necromancy            3
Comestibles
 d - a bread ration
 f - 2 meat rations
 k - a beef jerky


   Skills:
 - Level 2.0(0.4) Fighting
 + Level 2.8(1.3) Long Blades
 - Level 0.8(0.0) Armour
 - Level 1.1(0.0) Dodging
 - Level 4.0(2.4) Spellcasting
 - Level 3.6(2.0) Charms


You had 5 spell levels left.
You knew the following spells:

 Your Spells              Type           Power        Failure   Level  Hunger
g - Shroud of Golubria    Chrm/Tloc      #.........   28%         2    ###....
i - Infusion              Chrm           #...         12%         1    #......
y - Song of Slaying       Chrm           #.......     17%         2    ###....


Dungeon Overview and Level Annotations

Branches:
Dungeon (2/15)

Altars:


Message History

q - a golden potion A hobgoblin comes into view.
The hobgoblin shouts!
There is a stone staircase leading up here.
You climb upwards.
There is a stone staircase leading down here.
You climb downwards.
The giant cockroach barely misses you.
You riposte.
You slash the giant cockroach!
You kill the giant cockroach!
There is a stone staircase leading up here.
Casting: Infusion
Confirm with . or Enter, or press ? or * to list all spells.
You begin infusing your attacks with magical energy.
You hit the hobgoblin.
The hobgoblin is almost dead.
The hobgoblin hits you.
* * * LOW HITPOINT WARNING * * *
The hobgoblin hits you.
* * * LOW HITPOINT WARNING * * *
You barely miss the hobgoblin.
The hobgoblin is almost dead.
The hobgoblin barely misses you.
A kobold comes into view. It is wielding a short sword.
The kobold shouts!
You hit the hobgoblin!
You kill the hobgoblin!
You hit the kobold.
You kill the kobold!
A rat comes into view.
Things that are here:
a short sword; a giant cockroach corpse You hit the rat.
You kill the rat!
Your magical infusion is running out.
You see here a rat corpse.
A quokka comes into view.
The quokka moves out of view.
Found 26 stones.
You are no longer magically infusing your attacks.
Casting: Infusion
Confirm with . or Enter, or press ? or * to list all spells.
You begin infusing your attacks with magical energy.
You closely miss the quokka. The quokka completely misses you.
You miss the quokka. The quokka bites you.
* * * LOW HITPOINT WARNING * * *
The quokka bites you.
* * * LOW HITPOINT WARNING * * *
You hit the quokka!
You kill the quokka!
r - a scroll labeled AZXUKO ZECUZO You now have 57 gold pieces (gained 9).
Wield which item (- for none, * to show all)? (? for menu, Esc to quit)
c - a book of Battle (in hand)
You swing at nothing.
You swing at nothing.
You swing at nothing.
You swing at nothing.
You swing at nothing.
You swing at nothing.
Your magical infusion is running out.
You swing at nothing.
You swing at nothing.
You swing at nothing.
You swing at nothing.
You are no longer magically infusing your attacks.
Wield which item (- for none, * to show all)? (? for menu, Esc to quit)
a - a +0 falchion (weapon)
Found a scroll labeled DOPROX GOPHUOFF.
You see here 26 stones.
s - 26 stones
t - a scroll labeled DOPROX GOPHUOFF A rat comes into view.
Casting: Infusion
Confirm with . or Enter, or press ? or * to list all spells.
You miscast Infusion.
You are very lightly contaminated with residual magic.
Nothing appears to happen.
Casting: Infusion
Confirm with . or Enter, or press ? or * to list all spells.
You begin infusing your attacks with magical energy.
You hit the rat.
You kill the rat!
You see here a rat corpse.
A kobold comes into view. It is wielding a club.
The kobold shouts!
A goblin comes into view. It is wielding a club.
The goblin shouts!
The goblin unwields an uncursed club.
The goblin wields a hunting sling.
The goblin shoots a stone.
The stone hits you but does no damage.
You see here a stone.
The goblin shoots a stone.
The stone misses you.
The goblin shoots a stone.
The stone hits you.
* * * LOW HITPOINT WARNING * * *
You see here a stone.
The goblin shoots a stone.
The stone hits you.
* * * LOW HITPOINT WARNING * * *
The goblin unwields an uncursed hunting sling.
The goblin wields an uncursed club.
The goblin hits you with an uncursed club.
You die...

#..#.#
#.#
##K...#
#.#
#(....#
#.##
#.(##.#
#...
#...#.#
####
#.#.#.#
#(#.#.#
#.#.#.#
#@#.#.#
#g#.#
#.#.#
#.# #.#
#.# #..
###


You could see a goblin and a kobold.

Vanquished Creatures
  A dart slug (D:1)
  3 bats
  A giant cockroach (D:2)
  4 goblins
  4 hobgoblins
  7 jackals (D:1)
  5 kobolds
  2 quokkas (D:2)
  A frilled lizard (D:1)
  5 rats
33 creatures vanquished.

Notes
Turn   | Place    | Note
-------+----------+-------------------------------------------
     0 | D:1      | tidbits the High Elf Skald began the quest for the Orb.
     0 | D:1      | Reached XP level 1. HP: 14/14 MP: 4/4
    81 | D:1      | Reached skill level 3 in Spellcasting
    91 | D:1      | HP: 1/14 [dart slug/slug dart (2)]
   127 | D:1      | Reached XP level 2. HP: 2/19 MP: 1/7
   131 | D:1      | Learned a level 2 spell: Song of Slaying
   134 | D:1      | Learned a level 2 spell: Shroud of Golubria
   400 | D:2      | Reached skill level 4 in Spellcasting
   401 | D:2      | Reached XP level 3. HP: 14/24 MP: 0/9
   567 | D:2      | HP: 1/24 [goblin/stone (4)]
   568 | D:2      | Slain by a goblin

Skill      XL: |  1  2 |
---------------+-------+-----
Spellcasting   | 3 4 |  4.0
Fighting       | |  2.0
Long Blades    | |  2.8
Armour         | |  0.8
Dodging        | |  1.1
Charms         | |  3.6

Action                   || total
-------------------------++-------
Melee: Falchion          ||    69
 Cast: Infusion          ||    14
       Shroud of Golubri ||     1
Armor: Leather armour    ||    26
Dodge: Dodged            ||    37
       Rpst.: Falchion   ||    11

Table legend:
 A = Turns spent in this place as a percentage of turns spent in the entire game.
 B = Non-inter-level travel turns spent in this place as a percentage of non-inter-level travel turns spent in the entire game.
 C = Inter-level travel turns spent in this place as a percentage of turns spent in this place.
 D = Turns resting spent in this place as a percentage of non-inter-level travel turns spent in this place.
 E = Turns spent auto-exploring this place as a percentage of non-inter-level travel turns spent in this place.
 F = Non-inter-level travel turns spent in this place divided by the number of levels of this place that you've seen.
                   A       B       C       D       E      F
               +-------+-------+-------+-------+-------+----------------------
         Total | 100.0 | 100.0 |   0.0 |   0.0 |   0.0 | 277.0
       Dungeon | 100.0 | 100.0 |   0.0 |   0.0 |   0.0 | 277.0
               +-------+-------+-------+-------+-------+----------------------

Table legend:
 A = Kills in this place as a percentage of kills in entire the game.
 B = Kills by you in this place as a percentage of kills by you in the entire game.
 C = Kills by friends in this place as a percentage of kills by friends in the entire game.
 D = Other kills in this place as a percentage of other kills in the entire game.
 E = Experience gained in this place as a percentage of experience gained in the entire game.
 F = Experience gained in this place divided by the number of levels of this place that you have seen.
                   A       B       C       D       E      F
               +-------+-------+-------+-------+-------+----------------------
         Total | 100.0 | 100.0 |  -nan |  -nan | 100.0 |  29.0
       Dungeon | 100.0 | 100.0 |  -nan |  -nan | 100.0 |  29.0
               +-------+-------+-------+-------+-------+----------------------

Vault maps used:
D:1:      evilmike_arrival_plus
D:2:      uniq_iyjb
